 Dungeon Crawl Stone Soup version 0.30-a0-462-gd5975efbca (webtiles) character file.

Game seed: 8268852578491613851

58 porpoise the Chopper (level 4, -7/41 HPs)
             Began as a Hill Orc Monk on Dec 17, 2022.
             Mangled by Crazy Yiuf
             ... wielding a +2 quarterstaff of chaos
              (10 damage)
             ... on level 2 of the Dungeon.
             The game lasted 00:06:17 (1607 turns).

porpoise the Chopper (Hill Orc Monk)                Turns: 1607, Time: 00:06:18

Health: -7/41      AC:  3    Str: 10    XL:     4   Next: 2%
Magic:  4/4        EV: 12    Int: 14    God:
Gold:   114        SH:  0    Dex: 13    Spells: 3/3 levels left

rFire   . . .      SeeInvis .    s - +6 whip "Dragon's Undoing" {flame, rC++ Str-5 Int+4 Stlth+}
rCold   + + .      Faith    .    (no shield)
rNeg    . . .      Spirit   .    g - +0 leather armour
rPois   .          Reflect  .    (no helmet)
rElec   .          Harm     .    (no cloak)
rCorr   .          Rampage  .    (no gloves)
Will    .....                    (no boots)
Stlth   +++.......               (no amulet)
HPRegen 0.26/turn                (no ring)
MPRegen 0.09/turn                (no ring)

@: no status effects
A: no striking features
a: no special abilities


You were on level 2 of the Dungeon.
You visited 1 branch of the dungeon, and saw 2 of its levels.

You collected 114 gold pieces.

Inventory:

Hand Weapons
 a - a +0 hand axe
 b - a +0 vorpal sling
 s - the +6 whip "Dragon's Undoing" (weapon) {flame, rC++ Str-5 Int+4 Stlth+}
   (You found it on level 2 of the Dungeon)

   It burns those it strikes, dealing additional fire damage.
   Str:       It affects your strength (-5).
   Int:       It affects your intelligence (+4).
   rC:        It greatly protects you from cold.
   Stlth:     It makes you more stealthy.
Missiles
 o - a throwing net
 p - 3 poisoned darts
Armour
 g - a +0 leather armour (worn)
Jewellery
 n - a ring of wizardry
Scrolls
 d - a scroll of identify {unknown}
 e - 2 scrolls of immolation
 h - 3 scrolls of teleportation {unknown}
 i - a scroll of silence {unknown}
 j - a scroll of summoning {unknown}
 k - a scroll of torment {unknown}
 q - a scroll of blinking {unknown}
 r - 2 scrolls of fog {unknown}
 t - a scroll of magic mapping {unknown}
Potions
 c - a potion of ambrosia
 f - 2 potions of heal wounds {unknown}
 l - 2 potions of mutation {unknown}
 m - a potion of brilliance {unknown}


   Skills:
 + Level 4.8 Fighting
 + Level 5.3 Axes
 - Level 2.4 Dodging
 - Level 1.5 Stealth


You had 3 spell levels left.
You didn't know any spells.
Your spell library was empty.

Dungeon Overview and Level Annotations

Branches:
Dungeon (2/15)

Altars:

Shops:
D:1 [

Annotations:
D:2 Crazy Yiuf


Message History

Found a scroll labelled YLEUNI SOCK.
The kobold shouts!
You completely miss the kobold. The kobold hits you but does no damage.
You closely miss the kobold.
The kobold hits you with a +0 short sword.
You hit the kobold. You burn the kobold.
You kill the kobold!
No target in view!
r - 2 scrolls labelled YLEUNI SOCK (gained 1)
Things that are here:
a +0 short sword; a stone; a kobold corpse
Found a stone staircase leading down.
Found a robe.
Found a stone staircase leading up.
Found three hammers.
Found a runed translucent door.
Crazy Yiuf shouts!
Crazy Yiuf laughs, "Aardvark sizzlefizz childish!"
Found a hammer.
You open the door. You hit Crazy Yiuf. You burn Crazy Yiuf.
Crazy Yiuf is lightly wounded.
Crazy Yiuf closely misses you.
You hit Crazy Yiuf. You burn Crazy Yiuf.
Crazy Yiuf is moderately wounded.
Crazy Yiuf hits you with a +2 quarterstaff of chaos!
You are electrocuted!
You hit Crazy Yiuf. You burn Crazy Yiuf.
Crazy Yiuf is heavily wounded.
Crazy Yiuf hits you with a +2 quarterstaff of chaos!!
* * * LOW HITPOINT WARNING * * *
You completely miss Crazy Yiuf.
Crazy Yiuf is heavily wounded.
Crazy Yiuf barely misses you.
You hit Crazy Yiuf. You burn Crazy Yiuf.
Crazy Yiuf is severely wounded.
Crazy Yiuf closely misses you.
You closely miss Crazy Yiuf.
Crazy Yiuf is severely wounded.
Crazy Yiuf hits you with a +2 quarterstaff of chaos!
You die...

...#.#+#####+ .....#.#
.#####.# ...# #.# .#.#
#.# .#.###.###♣♣♣♣♣
.......#.#..♣.♣♣♣ ###
###..........♣..♣#)..#
####.>....♣.♣♣♣♣@g...#
......#..#.♣♣ ♣♣#)))#
#####.####♣♣ ###
....#.### .#......#
....#.##########
###....<#...##.#
#..#.##.#.##.#
#.........##.#


You could see Crazy Yiuf.

Vanquished Creatures
  A gnoll (D:1)
  An adder (D:2)
  A dart slug (D:2)
  5 ball pythons
  2 endoplasms (D:1)
  A giant cockroach (D:2)
  A goblin (D:1)
  5 hobgoblins
  2 jackals (D:2)
  3 kobolds
  2 quokkas (D:2)
  5 bats
  6 rats
35 creatures vanquished.

Notes
Turn   | Place    | Note
-------+----------+-------------------------------------------
     0 | D:1      | porpoise the Hill Orc Monk began the quest for the Orb.
     0 | D:1      | Reached XP level 1. HP: 19/19 MP: 1/1
   290 | D:1      | Reached XP level 2. HP: 27/27 MP: 2/2
   560 | D:1      | Reached XP level 3. HP: 34/34 MP: 3/3
  1007 | D:1      | Found Zaorgh's Armour Boutique.
  1250 | D:2      | Identified the +6 whip "Dragon's Undoing" {flame, rC++
                  | Str-5 Int+4 Stlth+}
  1270 | D:2      | Reached skill level 5 in Axes
  1419 | D:2      | Reached XP level 4. HP: 37/41 MP: 4/4
  1595 | D:2      | Found a runed translucent door.
  1598 | D:2      | Noticed Crazy Yiuf
  1607 | D:2      | Mangled by Crazy Yiuf

Illustrated notes

Levels and vault maps discovered:
D:1:      beargit_arrival_diablo_church, layout_basic, serial_shops,
          nicolae_diamond_shop
D:2:      layout_basic, nicolae_figureground_sparkle, uniq_crazy_yiuf_cottage

Skill      XL: |  1  2  3 |
---------------+----------+-----
Fighting       | 4 |  4.8
Axes           | 5 |  5.3
Dodging        | |  2.4
Stealth        | |  1.5

Action                   |  1- 3 |  4- 6 || total
-------------------------+-------+-------++-------
Melee: Hand axe          |    73 |       ||    73
       Punch             |     1 |       ||     1
       Whip              |    23 |     9 ||    32
 Fire: Sling             |     1 |       ||     1
  Use: Scroll            |     1 |       ||     1
 Stab: Sleeping          |     1 |       ||     1
Armor: Leather armour    |    14 |     1 ||    15
Dodge: Dodged            |    60 |     3 ||    63

Table legend: (Time is in decaauts)
 A = Elapsed time spent in this place.
 B = Non-inter-level travel time spent in this place.
 C = Inter-level travel time spent in this place.
 D = Time resting spent in this place.
 E = Time spent auto-exploring this place.
 F = Levels seen in this place.
 G = Mean time per level.
                   A        B        C        D        E       F      G
               +--------+--------+--------+--------+--------+-----+--------+
         Total |   1611 |   1583 |     28 |    141 |   1069 |   2 |  805.5 |
       Dungeon |   1611 |   1583 |     28 |    141 |   1069 |   2 |  805.5 |
               +--------+--------+--------+--------+--------+-----+--------+

Top non-repeatable levels by time:
     D:1: 1133 daAuts
     D:2: 477 daAuts
